 Dungeon Crawl Stone Soup version 0.18-b1-22-ge198996 (webtiles) character file.

403 Guinours the Digger (level 6, -1/32 HPs)
             Began as a Gargoyle Earth Elementalist on May 4, 2016.
             Was an Initiate of Vehumet.
             Slain by a river rat (3 damage)
             ... summoned by Eustachio
             ... on level 5 of the Dungeon.
             The game lasted 00:45:26 (4374 turns).

Guinours the Digger (Gargoyle Earth Elementalist)   Turns: 4374, Time: 00:45:27

Health: -1/32      AC:  9    Str: 11      XL:     6   Next: 86%
Magic:  2/11       EV: 12    Int: 22      God:    Vehumet [......]
Gold:   209        SH:  0    Dex: 10 (11) Spells: 2 memorised, 8 levels left

rFire  . . .     SeeInvis .     m - +0 hunting sling
rCold  . . .     Gourm    .     y - +1 robe "Qyolot" {rElec Int+5}
rNeg   + . .     Faith    .     (no shield)
rPois  ∞         Spirit   .     (no helmet)
rElec  +         Dismiss  .     (no cloak)
rCorr  .         Reflect  .     (no gloves)
SustAt .         Harm     .     s - +1 pair of boots
MR     .....                    (no amulet)
Stlth  ++........               (no ring)
                                (no ring)

@: about to teleport, not resistant to hostile enchantments, unstealthy
A: negative energy resistance 1, electricity resistance, unbreathing,
petrification resistance, rot immunity, AC +4
a: Renounce Religion


You were on level 5 of the Dungeon.
You worshipped Vehumet.
Vehumet was noncommittal.
You were hungry.

You visited 1 branch of the dungeon, and saw 5 of its levels.

You collected 209 gold pieces.

Inventory:

Hand Weapons
 g - a +0 club
 m - a +0 hunting sling (weapon)
 v - a +0 trident
Missiles
 b - 70 stones (quivered)
 e - 25 sling bullets
 i - 14 bolts
 k - 39 arrows
 w - 13 poisoned needles
Armour
 a - a +0 robe
 s - a +1 pair of boots (worn)
 y - the +1 robe "Qyolot" (worn) {rElec Int+5}
   (You found it on level 4 of the Dungeon)

   It affects your intelligence (+5).
   It insulates you from electricity.
 E - a +0 pair of boots
Magical Staves
 z - an uncursed staff of cold
Jewellery
 C - a +5 ring of slaying {unknown}
 F - an uncursed ring of protection from cold {unknown}
Wands
 o - a wand of flame (5/48)
Scrolls
 h - 2 scrolls of fog {unknown}
 l - 5 scrolls of identify
 n - a scroll of teleportation
Potions
 f - a potion of brilliance {unknown}
 p - a potion of might
 q - 2 potions of invisibility {unknown}
 r - a potion of heal wounds {unknown}
 t - 3 potions of curing
 x - a potion of degeneration {unknown}
 A - a potion of agility {unknown}
 B - 3 potions of flight {unknown}
 D - a potion of magic {unknown}
Books
 c - a book of Geomancy

   Spells                             Type                      Level
   a - Sandblast                      Earth                        1
   b - Passwall                       Transmutation/Earth          2
   c - Stone Arrow                    Conjuration/Earth            3
   d - Petrify                        Transmutation/Earth          4
   e - Lee's Rapid Deconstruction     Earth                        5
Comestibles
 d - 2 bread rations
 j - 2 meat rations
 u - 3 fruits


   Skills:
 - Level 0.2 Fighting
 - Level 0.2 Maces & Flails
 + Level 2.6(2.7) Slings
 + Level 0.5(1.7) Throwing
 + Level 2.0 Dodging
 + Level 2.3 Stealth
 * Level 3.8 Spellcasting
 + Level 1.5 Conjurations
   Level 0.7 Transmutations
 * Level 5.8 Earth Magic


You had 8 spell levels left.
You knew the following spells:

 Your Spells              Type           Power        Failure   Level  Hunger
a - Sandblast             Erth           ####..       1%          1    None
b - Stone Arrow           Conj/Erth      ###...       10%         3    ###....


Dungeon Overview and Level Annotations

Branches:
Dungeon (5/15)
 Temple: D:4-7

Altars:
Dithmenos
Gozag
Nemelex Xobeh
Pakellas
Ru
Sif Muna
Vehumet

Annotations:
D:5 Eustachio


Innate Abilities, Weirdness & Mutations

You are resistant to torment.
Your stone body is resilient (AC +4).
You are immune to poison.
You resist negative energy.
You are resistant to electric shocks.
You can survive without breathing.
You are immune to petrification.
You are immune to rotting.


Message History

The rat bites you but does no damage. The ufetubus barely misses you.
The ufetubus hits you but does no damage.
Firing (i - inventory. (,) - cycle):
b - 71 stones (quivered)
Press: ? - help, Shift-Dir - straight line, f/p - Eustachio
Aim: Eustachio, wielding a rapier and wearing a leather armour (almost dead)
You shoot a stone.
The stone hits the iron imp but does no damage.
The iron imp disappears in a puff of smoke!
The rat bites you.
* * * LOW HITPOINT WARNING * * *
The ufetubus hits you.
* * * LOW HITPOINT WARNING * * *
The ufetubus hits you but does no damage.
Eustachio casts a spell.
Eustachio blinks!
The iron imp barely misses you. The rat closely misses you.
As you read the scroll of teleportation, it crumbles to dust.
You feel strangely unstable.
The ufetubus disappears in a puff of smoke!
The river rat bites you.
You die...

@.(( #... #..#
##.(.
#.###(..######
(((((§(( ...#
#.§r####.######
#r@5.........#
#r#####.####.#
#r ##.# #. #..#
#.####.##
#......#
#.###..#####.
#............
#####..######


You could see Eustachio, an iron imp, a river rat and 3 rats.

Vanquished Creatures
  An ogre (D:4)
  Blork the orc (D:5)
  A hound (D:3)
  Terence (D:3)
  A worker ant (D:4)
  A howler monkey skeleton (D:5)
  4 adders
  A shadow imp (D:5)
  5 oozes
  An adder skeleton (D:4)
  3 worms
  4 giant geckos
  6 orcs
  A giant cockroach (D:2)
  7 goblins
  11 hobgoblins
  2 jackals (D:2)
  6 kobolds
  2 quokkas
  5 bats
  3 giant newts
  A quokka zombie (D:5)
  9 rats
77 creatures vanquished.

Notes
Turn   | Place    | Note
--------------------------------------------------------------
     0 | D:1      | Guinours the Gargoyle Earth Elementalist began the quest for the Orb.
     0 | D:1      | Reached XP level 1. HP: 10/10 MP: 3/3
   252 | D:1      | Reached skill level 4 in Earth Magic
   273 | D:1      | Reached XP level 2. HP: 15/15 MP: 3/5
  1014 | D:2      | Reached XP level 3. HP: 18/19 MP: 4/6
  1550 | D:2      | Reached XP level 4. HP: 20/24 MP: 2/8
  1555 | D:2      | Learned a level 3 spell: Stone Arrow
  2173 | D:3      | Reached skill level 5 in Earth Magic
  2188 | D:3      | Reached XP level 5. HP: 25/28 MP: 1/9
  2441 | D:3      | Found a sparkling altar of Nemelex Xobeh.
  2749 | D:3      | Reached skill level 1 in Slings
  3225 | D:3      | Noticed Terence
  3236 | D:3      | Killed Terence
  3346 | D:4      | Got a steaming robe
  3366 | D:4      | Identified the cursed +1 robe "Qyolot" {rElec Int+5} (You found it on level 4 of the Dungeon)
  3382 | D:4      | Found a radiant altar of Vehumet.
  3434 | D:4      | Became a worshipper of Vehumet
  3653 | D:4      | Found a sacrificial altar of Ru.
  3875 | D:4      | Reached XP level 6. HP: 32/32 MP: 7/11
  3909 | D:4      | Found a deep blue altar of Sif Muna.
  3914 | D:4      | Found a shadowy altar of Dithmenos.
  3919 | D:4      | Reached skill level 1 in Conjurations
  3920 | D:4      | Found an opulent altar of Gozag.
  4101 | D:5      | Entered Level 5 of the Dungeon
  4161 | D:5      | Found an oddly glowing altar of Pakellas.
  4163 | D:5      | Noticed Blork the orc
  4172 | D:5      | Killed Blork the orc
  4315 | D:5      | Noticed Eustachio
  4374 | D:5      | Slain by a river rat

Skill      XL: |  1  2  3  4  5  6 |
---------------+-------------------+-----
Earth Magic    | 4 5 |  5.8
Spellcasting   | 3 |  3.8
Slings         | 1 2 |  2.6
Conjurations   | 1 |  1.5
Dodging        | 2 |  2.0
Fighting       | |  0.2
Maces & Flails | |  0.2
Throwing       | |  0.5
Stealth        | |  2.3
Transmutations | |  0.7

Action                   |  1- 3 |  4- 6 || total
-------------------------+-------+-------++-------
Melee: Unarmed           |    22 |       ||    22
       Club              |    48 |    10 ||    58
 Fire: Hunting sling     |       |   142 ||   142
Throw: Stone             |    37 |       ||    37
 Cast: Sandblast         |    49 |       ||    49
       Stone Arrow       |       |    47 ||    47
  Use: Scroll            |     3 |     5 ||     8
       Potion            |       |     3 ||     3
  Eat: Bread ration      |     1 |     1 ||     2
       Beef jerky        |     1 |       ||     1
       Chunk             |       |     4 ||     4
       Fruit             |       |     1 ||     1
Armor: Robe              |    28 |    95 ||   123
Dodge: Dodged            |    79 |   172 ||   251
